 Dungeon Crawl Stone Soup version 0.23.0 (webtiles) character file.

Game seed: 2285560169283671669

788 Malhgor the Carver (level 8, -1/59 HPs)
             Began as a Human Monk on Feb 14, 2019.
             Was a Believer of the Shining One.
             Slain by an orc warrior
             ... wielding a +0 hand axe
              (8 damage)
             ... on level 4 of the Dungeon.
             The game lasted 00:21:08 (4953 turns).

Malhgor the Carver (Human Monk)                     Turns: 4953, Time: 00:21:09

Health: -1/59      AC: 11    Str: 15    XL:     8   Next: 12%
Magic:  8/8        EV:  8    Int: 12    God:    the Shining One [**....]
Gold:   158        SH:  0    Dex: 15    Spells: 7/7 levels left

rFire    + + .     SeeInvis .   a - +0 falchion
rCold    . . .     Gourm    .   (no shield)
rNeg     + . .     Faith    .   s - +0 chain mail
rPois    .         Spirit   .   (no helmet)
rElec    .         Reflect  .   t - +0 cloak
rCorr    .         Harm     .   u - +0 pair of gloves
MR       .....                  (no boots)
Stlth    ..........             (no amulet)
HPRegen  0.19/turn              w - ring of protection from fire
MPRegen  0.11/turn              (no ring)

@: glowing
A: fire resistance 1, screaming 1, shaggy fur 1, strong 1
a: Divine Shield, Renounce Religion


You were on level 4 of the Dungeon.
You worshipped the Shining One.
The Shining One was pleased with you.
You were hungry.

You visited 1 branch of the dungeon, and saw 5 of its levels.
You also visited: Sewer.

You collected 158 gold pieces.

Inventory:

Hand Weapons
 a - a +0 falchion (weapon)
Missiles
 k - 74 stones (quivered)
Armour
 b - a +0 robe
 s - a +0 chain mail (worn)
 t - a +0 cloak (worn)
 u - a +0 pair of gloves (worn)
 v - a +0 large shield
Jewellery
 w - a ring of protection from fire (left hand)
Wands
 p - a wand of flame (21)
Scrolls
 e - a scroll of enchant weapon {unknown}
 g - 3 scrolls of magic mapping {unknown}
 h - a scroll of identify {unknown}
 l - 5 scrolls of teleportation {unknown}
 m - a scroll of fog {unknown}
 n - a scroll of enchant armour {unknown}
 q - a scroll of noise {unknown}
 r - 2 scrolls of blinking {unknown}
 y - a scroll of amnesia {unknown}
 A - a scroll of remove curse
Potions
 d - 2 potions of flight
 f - 4 potions of curing
 i - 5 potions of might {unknown}
 j - a potion of mutation
 o - 2 potions of heal wounds
 z - a potion of brilliance {unknown}
 B - a potion of degeneration {unknown}
Comestibles
 c - 6 rations


   Skills:
 + Level 3.6 Fighting
 * Level 8.0 Long Blades
 + Level 1.6 Armour
 + Level 3.5 Dodging
 - Level 2.0 Stealth
 + Level 1.6 Shields
 + Level 0.9 Invocations


You had 7 spell levels left.
You didn't know any spells.
Your spell library was empty.

Dungeon Overview and Level Annotations

Branches:
Dungeon (5/15)
 Temple: D:4-7

Altars:
Dithmenos
Fedhas
Gozag
Nemelex Xobeh
Qazlal
Trog
The Shining One

Annotations:
D:1 Done
D:2 Done
D:3 Done


Innate Abilities, Weirdness & Mutations

Your flesh is heat resistant. (rF+)
You occasionally shout uncontrollably at your foes.
You are covered in fur. (AC +1)
Your muscles are strong. (Str +2)


Message History

The orc warrior is lightly wounded.
The orc barely misses you.
You riposte.
You hit the orc.
The orc is lightly wounded.
The orc warrior hits you with a +0 hand axe.
* * * LOW HITPOINT WARNING * * *
You hit the orc warrior but do no damage.
The orc warrior is lightly wounded.
The orc hits you but does no damage.
The orc warrior hits you with a +0 hand axe.
* * * LOW HITPOINT WARNING * * *
Your chain mail prevents you from hitting the orc warrior.
The orc warrior is lightly wounded.
The orc barely misses you.
The orc warrior hits you but does no damage.
You hit the orc warrior.
The orc warrior is heavily wounded.
The orc hits you with a +0 club.
* * * LOW HITPOINT WARNING * * *
The orc warrior hits you with a +0 hand axe!
You die...

#.# #.[.....#####.### #.#
#.......# #.# #.# #.......#####.#
#.####.......##....#
#.)..........##.####
#....#.#..##.##.#
##...#.#..##.##># ######
##.##....##.##.###.....
#....@..#............# ####
#...o.o............#.# ...##
#........#...≈≈≈...#.#
....########.#####.#...≈≈≈≈≈.....
<.........##.####...#..≈≈.≈≈..#.#
.....##8..8##..........≈[≈≈≈..#..
.....#⌠.....#####.......≈≈≈...###
.....###..### #...#........[###
.))).#....._# #...#............


You could see an orc warrior and an orc.

Vanquished Creatures
  Menkaure (D:4)
  2 ogres (D:4)
  2 scorpions (D:4)
  An orc priest (D:3)
  3 orc wizards
  11 adders
  6 river rats (Sewer)
  3 oozes
  2 dart slugs
  2 leopard geckos
  12 orcs
  4 giant cockroaches
  5 goblins
  3 hobgoblins
  3 jackals (D:1)
  2 quokkas (D:3)
  4 ball pythons
  9 bats
  2 frilled lizards
  24 kobolds
  27 rats
128 creatures vanquished.

Notes
Turn   | Place    | Note
-------+----------+-------------------------------------------
     0 | D:1      | Malhgor the Human Monk began the quest for the Orb.
     0 | D:1      | Reached XP level 1. HP: 18/18 MP: 1/1
   182 | D:1      | Reached XP level 2. HP: 10/24 MP: 2/2
   726 | D:1      | Reached skill level 4 in Long Blades
   726 | D:1      | Reached XP level 3. HP: 28/29 MP: 3/3
   752 | D:1      | Found a sparkling altar of Nemelex Xobeh.
  1642 | D:3      | Reached XP level 4. HP: 26/35 MP: 4/4
  1932 | D:4      | Noticed an ogre
  1936 | D:4      | Gained mutation: Your muscles are strong. (Str +2) [potion
                  | of mutation]
  1936 | D:4      | Gained mutation: Your flesh is heat resistant. (rF+)
                  | [potion of mutation]
  1936 | D:4      | Gained mutation: You occasionally shout uncontrollably at
                  | your foes. [potion of mutation]
  1936 | D:4      | Gained mutation: You are covered in fur. (AC +1) [potion of
                  | mutation]
  1943 | D:4      | Killed an ogre
  1943 | D:4      | Reached skill level 5 in Long Blades
  1943 | D:4      | Reached XP level 5. HP: 18/41 MP: 5/5
  2061 | D:4      | Reached skill level 6 in Long Blades
  2077 | D:4      | Found a stormy altar of Qazlal.
  2083 | D:4      | Found an opulent altar of Gozag.
  2083 | D:4      | Found a glowing golden altar of the Shining One.
  2083 | D:4      | Found a sparkling altar of Nemelex Xobeh.
  2086 | D:4      | Found a bloodstained altar of Trog.
  2087 | D:4      | Found a blossoming altar of Fedhas.
  2091 | D:4      | Became a worshipper of the Shining One
  2091 | D:4      | Reached * piety under the Shining One
  2091 | D:4      | Reached ** piety under the Shining One
  2168 | D:4      | Reached XP level 6. HP: 28/47 MP: 6/6
  2218 | D:4      | Found a glowing drain.
  2227 | Sewer    | Entered a sewer
  2449 | Sewer    | HP: 1/47 [river rat (3)]
  3002 | Sewer    | Reached skill level 7 in Long Blades
  3330 | D:4      | Reached XP level 7. HP: 26/52 MP: 7/7
  3636 | D:4      | Noticed Menkaure
  3651 | D:4      | Killed Menkaure
  3786 | D:3      | Reached skill level 1 in Armour
  3803 | D:3      | Reached skill level 1 in Shields
  3976 | D:3      | Found a shadowy altar of Dithmenos.
  4589 | D:4      | Reached skill level 8 in Long Blades
  4589 | D:4      | Reached XP level 8. HP: 21/59 MP: 8/8
  4935 | D:5      | Entered Level 5 of the Dungeon
  4953 | D:4      | Slain by an orc warrior

Skill      XL: |  1  2  3  4  5  6  7 |
---------------+----------------------+-----
Long Blades    | 4 5 6 7 8 |  8.0
Armour         | 1 |  1.6
Shields        | 1 |  1.6
Fighting       | |  3.6
Dodging        | |  3.5
Stealth        | |  2.0
Invocations    | |  0.9

Action                   |  1- 3 |  4- 6 |  7- 9 || total
-------------------------+-------+-------+-------++-------
Melee: Falchion          |   129 |   193 |   150 ||   472
Throw: Stone             |     8 |       |    10 ||    18
Invok: Divine Shield     |       |     2 |       ||     2
  Use: Potion            |       |     6 |     3 ||     9
       Scroll            |       |     1 |       ||     1
 Stab: Sleeping          |     2 |       |       ||     2
  Eat: Chunk             |     2 |     6 |     5 ||    13
Armor: Robe              |    20 |       |       ||    20
       Chain mail        |    19 |   211 |    84 ||   314
Dodge: Dodged            |    96 |   150 |    44 ||   290
Block: Other             |       |    36 |       ||    36
       Rpst.: Falchion   |    26 |    36 |    12 ||    74
